 Dungeon Crawl Stone Soup version 0.30.1-9-gdf580d7c3d (webtiles) character file.

Game seed: 17222365708073414366

249 jagang the Shooter (level 6, -9/47 HPs)
             Began as a Human Hunter on Sept 29, 2023.
             Mangled by a wyvern (15 damage)
             ... on level 5 of the Dungeon.
             The game lasted 00:06:53 (2854 turns).

jagang the Shooter (Human Hunter)                   Turns: 2854, Time: 00:06:53

Health: -9/47      AC:  6    Str: 17    XL:     6   Next: 34%
Magic:  6/6        EV: 10    Int: 10    God:
Gold:   138        SH: 10    Dex: 18    Spells: 5/5 levels left

rFire   . . .        u - +3 falchion
rCold   . . .        v - +2 kite shield
rNeg    . . .        z - +0 ring mail
rPois   .            (no helmet)
rElec   .            (no cloak)
rCorr   .            (no gloves)
SInv    .            e - +0 pair of boots
Will    +....        (no amulet)
Stlth   +            t - +6 ring of strength
HPRegen 0.27/turn    c - ring of willpower
MPRegen 0.10/turn

%: no passive effects
@: mighty
A: no striking features
a: no special abilities


You were on level 5 of the Dungeon.
You visited 1 branch of the dungeon, and saw 5 of its levels.

You collected 138 gold pieces.

Inventory:

Hand Weapons
 a - a +0 shortbow
 u - a +3 falchion (weapon)
Armour
 e - a +0 pair of boots (worn)
 v - a +2 kite shield (worn)
 x - a +0 plate armour
 z - a +0 ring mail (worn)
Jewellery
 c - a ring of willpower (right hand)
 j - a ring of wizardry
 t - a +6 ring of strength (left hand)
Wands
 n - a wand of digging (4)
Scrolls
 b - 2 scrolls of immolation
 d - 4 scrolls of identify {unknown}
 g - 2 scrolls of teleportation {unknown}
 i - a scroll of fog {unknown}
 o - a scroll of acquirement {unknown}
 q - 2 scrolls of amnesia {unknown}
 r - a scroll of noise {unknown}
 w - a scroll of enchant weapon {unknown}
 y - a scroll of enchant armour {unknown}
 A - a scroll of brand weapon {unknown}
Potions
 f - 2 potions of lignification {unknown}
 h - 2 potions of might
 k - a potion of berserk rage {unknown}
 l - a potion of brilliance {unknown}
 m - a potion of attraction {unknown}
 p - 2 potions of curing {unknown}
 s - 2 potions of heal wounds {unknown}


   Skills:
 + Level 3.2 Fighting
 * Level 3.6 Long Blades
 - Level 4.0 Ranged Weapons
 * Level 1.7 Armour
 - Level 3.0 Dodging
 - Level 1.0 Stealth
 + Level 1.3 Shields


You had 5 spell levels left.
You didn't know any spells.
Your spell library was empty.

Dungeon Overview and Level Annotations

Branches:
Dungeon (5/15)
 Temple: D:4-7

Altars:


Message History

The wyvern barely misses you.
You hit the wyvern.
The wyvern is moderately wounded.
The wyvern closely misses you. You block the wyvern's attack.
You hit the wyvern.
The wyvern is moderately wounded.
You block the wyvern's attack. The phantom hits you. The wyvern misses you.
You barely miss the wyvern.
The wyvern is moderately wounded.
The wyvern bites you! You block the phantom's attack.
The wyvern attacks as you move away! You block the wyvern's attack. x2
You barely miss the wyvern.
The wyvern is moderately wounded.
You block the wyvern's attack. The wyvern bites you!
You hit the wyvern.
The wyvern is moderately wounded.
You block the wyvern's attack. x2
You barely miss the wyvern.
The wyvern is moderately wounded.
The wyvern bites you but does no damage.
The wyvern bites you!
You hit the wyvern.
The wyvern is heavily wounded.
The wyvern barely misses you. You block the wyvern's attack.
You hit the wyvern but do no damage.
The wyvern is heavily wounded.
The wyvern bites you!
* * * LOW HITPOINT WARNING * * *
The wyvern bites you but does no damage.
You hit the wyvern but do no damage.
The wyvern is heavily wounded.
The wyvern barely misses you. The wyvern completely misses you.
It was a potion of might.
You feel very mighty all of a sudden. The wyvern bites you.
* * * LOW HITPOINT WARNING * * *
You slash the wyvern!
The wyvern is almost dead.
The wyvern barely misses you. The wyvern bites you!
You die...

#[...........#
##.....#..##
##...##...#
##.###.#.#
##.#.##.#.#
#.###.#.#.#
##.#.##.#.#
########.###.#.###
............@lW..#
########.>##.###.#
##.##.# #.##.#
#.##.. #.#### #.#
#.# #.#


You could see a wyvern and a phantom.

Vanquished Creatures
  A hound (D:5)
  2 iguanas
  An orc wizard (D:3)
  7 adders
  An ufetubus (D:4)
  4 orcs (D:3)
  8 bats
  5 endoplasms
  2 giant cockroaches (D:1)
  4 goblins
  10 hobgoblins
  6 jackals
  A quokka (D:1)
  10 ball pythons
  5 frilled lizards
  2 kobolds
  7 rats
76 creatures vanquished.

Notes
Turn   | Place    | Note
-------+----------+-------------------------------------------
     0 | D:1      | jagang the Human Hunter began the quest for the Orb.
     0 | D:1      | Reached XP level 1. HP: 16/16 MP: 1/1
    58 | D:1      | Reached skill level 1 in Long Blades
    58 | D:1      | Reached XP level 2. HP: 20/22 MP: 2/2
   317 | D:1      | Found a faded altar of an unknown god.
   380 | D:1      | Reached XP level 3. HP: 28/28 MP: 3/3
   627 | D:2      | Reached XP level 4. HP: 27/34 MP: 4/4
  1722 | D:3      | Reached XP level 5. HP: 26/40 MP: 5/5
  2395 | D:4      | Noticed an ogre
  2395 | D:4      | Noticed an ogre
  2493 | D:5      | Entered Level 5 of the Dungeon
  2584 | D:5      | Reached skill level 1 in Armour
  2606 | D:5      | Reached skill level 1 in Shields
  2606 | D:5      | Reached XP level 6. HP: 24/47 MP: 6/6
  2837 | D:5      | Noticed a wyvern
  2854 | D:5      | Mangled by a wyvern

Illustrated notes

Levels and vault maps discovered:
D:1:      scummos_arrival_forest, layout_loops_ring,
          ebering_ecumenical_altar_sacrificial, minmay_distorted
D:2:      minmay_spotlight, layout_loops_ring, minmay_curled_crystal
D:3:      layout_basic
D:4:      layout_loops_ring, mainiacjoe_overflow_surrounded_room,
          nicolae_hepliaklqana_monster_ancestors, serial_bayou_pond_e,
          minmay_joined_circles
D:5:      layout_loops_ring, minivault_27, nicolae_underground_beach

Skill      XL: |  1  2  3  4  5 |
---------------+----------------+-----
Long Blades    | 1 2 3 |  3.6
Fighting       | 3 |  3.2
Dodging        | 3 |  3.0
Armour         | 1 |  1.7
Shields        | 1 |  1.3
Ranged Weapons | |  4.0
Stealth        | |  1.0

Action                     |  1- 3 |  4- 6 || total
---------------------------+-------+-------++-------
  Melee: Falchion          |       |   105 ||   105
   Fire: Shortbow          |    66 |    37 ||   103
    Use: Potion            |       |     1 ||     1
   Stab: Sleeping          |       |     2 ||     2
 Armour: Leather armour    |     8 |    12 ||    20
         Ring mail         |       |    32 ||    32
  Dodge: Dodged            |    30 |    70 ||   100
  Block: Kite shield       |       |    86 ||    86
